[Event "Late-Titled-Tuesday-Blitz-February-06-2024"]
[Site "Chess.com"]
[Date "2024.02.06"]
[Round "6"]
[White "GothamChess"]
[Black "AryanTari"]
[Result "1-0"]
[WhiteElo "2711"]
[BlackElo "2908"]
[TimeControl "180+1"]
[EndTime "15:07:11 PST"]
[Termination "GothamChess won by resignation"]

1. e4 e5 2. Nf3 Nc6 3. c3 Nf6 4. d4 exd4 5. e5 Nd5 6. Qb3 Nb6 7. cxd4 d6 8. Bb5 Be6 9. Qc2 Qd7 10. O-O a6 11.
Bxc6 Qxc6 12. Qxc6+ bxc6 13. Bf4 Nd5 14. Bg3 h6 15.
Rc1 Kd7 16. Nbd2 Be7 17. Nc4 a5 18. Nfd2 Bf5 19. Ne3 Nxe3 20. fxe3 Rhb8 21. b3 a4 22. Kf2 Be6 23. bxa4 Rxa4 24. Rc2 Rba8 25. Ne4 Bf5 26.
Kf3 d5 27. Nc5+ Bxc5 28. Rxc5 Be4+ 29. Kg4 Rxa2 30. Rf1 Bg6 31. Kh3 Re2 32. Rf3 Raa2 33. Rc1 Rxg2 34. Rc3 Rgb2 35. Kg4 Rc2 36. Rb3 Ke6 37.
Rb7 Bd3 38. Rf4 Bg6 39. Rxc7 Ra3 40. Bh4 Bf5+ 41. Rxf5 Rg2+ 42. Kh3 Kxf5 43. Kxg2 Rxe3 44. Bf2 Re2 45. Rxf7+ Kg6 46. Rf3 Re4 47. Rg3+ Kf7 48. Kf3 g5 49. Rg4 Rxg4 50. Kxg4 Kg6 51. h4 h5+ 52. Kf3 Kf5 53. hxg5 Kxg5 54. Be3+ Kf5 55. Bf2 c5 56. dxc5 Kxe5 57. Ke2 Ke6 58. Kd3 Kd7 59. Kd4 Ke6 60. Bg3 1-0

[Event "Late-Titled-Tuesday-Blitz-February-06-2024"]
[Site "Chess.com"]
[Date "2024.02.06"]
[Round "6"]
[White "expii"]
[Black "stepanosinovsky"]
[Result "1/2-1/2"]
[WhiteElo "2211"]
[BlackElo "2374"]
[TimeControl "180+1"]
[EndTime "15:07:11 PST"]
[Termination "Game drawn by agreement"]

1. e4 e5 2. Nf3 Nc6 3. Bb5 a6 4.
Ba4 Nf6 5. O-O Be7 6. d4 exd4 7.
e5 Ne4 8. Nxd4 O-O 9. Nxc6 dxc6 10. c3 Bf5 11. Bc2 Qxd1 12. Bxd1 Bc5 13. Nd2 f6 14.
Nxe4 Bxe4 15. Bb3+ Kh8 16. exf6 Rxf6 17. Be3 Bxe3 18.
fxe3 Rd8 19. Rxf6 gxf6 20. Rf1 Kg7 21. Rf2 c5 22. Re2 b5 23. Kf2 a5 24. Bc2 Bxc2 25. Rxc2 Rd1 26. Re2 c4 27. e4 Rb1 28. a3 Kf7 29. g3 c5 30. Ke3 Ke6 31. Kf4 b4 32. axb4 cxb4 33. cxb4 axb4 34. Rc2 b3 35. Rxc4 Rxb2 36.
Rb4 Rf2+ 37. Ke3 Rxh2 38. Rxb3 Ra2 39. Kf3 Ra6 40. Kf4 Ra7 41. Rb1 Kf7 42. Rh1 Kg6 43. Rd1 Re7 44. Rd6 Re8 45. Ra6 h6 46. g4 Re7 47. Ra5 Re6 48. Rd5 Ra6 49. Rb5 Rc6 50.
e5 fxe5+ 51. Rxe5 Rf6+ 52. Kg3 Ra6 53. Kh4 Rf6 54. Rd5 Ra6 55. Rb5 Rf6 56. Ra5 Re6 57.
Rd5 Rf6 58. Re5 1/2-1/2

[Event "Late-Titled-Tuesday-Blitz-February-06-2024"]
[Site "Chess.com"]
[Date "2024.02.06"]
[Round "6"]
[White "pinguino120"]
[Black "pfalcon1949"]
[Result "1/2-1/2"]
[WhiteElo "2263"]
[BlackElo "1972"]
[TimeControl "180+1"]
[EndTime "15:07:12 PST"]
[Termination "Game drawn - insufficient material"]

1. d4 Nf6 2. c4 c5 3. d5 b5 4.
cxb5 a6 5. bxa6 g6 6. Nc3 Bg7 7. e4 O-O 8. Nf3 Qa5 9. Bd2 Qb4 10. Qc2 d6 11. Be2 Bxa6 12. Bxa6 Nxa6 13. O-O Rfb8 14. b3 Nd7 15. Rab1 Qa3 16. Bc1 Qb4 17. Bd2 Qa3 18. Qc1 Nb4 19. Qxa3 Rxa3 20. Bc1 Ra6 21. Bb2 Bxc3 22.
Bxc3 Rxa2 23. Ra1 Rba8 24. Nd2 f5 25. f3 Kf7 26. Nc4 Rxa1 27. Rxa1 Rxa1+ 28. Bxa1 fxe4 29.
fxe4 Nd3 30. Bc3 Nc1 31. Kf1 Nxb3 32. Ke2 Nf6 33. Ke3 Ng4+ 34. Kf4 Nxh2 35. e5 dxe5+ 36.
Nxe5+ Ke8 37. Nc6 Kd7 38. Kg5 Nf1 39. Kh6 Ne3 40. Be5 Nxd5 41. Na7 c4 42. Nb5 Kc6 43.
Nd4+ Nxd4 44. Bxd4 c3 45. Kxh7 c2 46. Bb2 g5 47. Kg6 g4 48. Kg5 g3 49. Kg4 e5 50.
Kxg3 e4 51. Kf2 Nc3 52. g4 Kd5 53. g5 Na4 54. Bc1 Nc5 55. Ke3 Ne6 56. g6 Ke5 57. Bb2+ Kf5 58. Bc1 Kxg6 59. Kxe4 Kf6 60. Kd3 Kf5 61. Kxc2 1/2-1/2

[Event "Late-Titled-Tuesday-Blitz-February-06-2024"]
[Site "Chess.com"]
[Date "2024.02.06"]
[Round "6"]
[White "CaspiIsrael"]
[Black "Igor_Lysyj"]
[Result "1/2-1/2"]
[WhiteElo "2690"]
[BlackElo "2877"]
[TimeControl "180+1"]
[EndTime "15:07:14 PST"]
[Termination "Game drawn by repetition"]

1. d4 Nf6 2. c4 e6 3. Nc3 Bb4 4. a3 Bxc3+ 5. bxc3 c5 6. f3 Nc6 7. e4 d6 8. Ne2 b6 9. Bg5 h6 10. Bh4 O-O 11. Nc1 Na5 12. Nb3 Nxb3 13. Qxb3 e5 14. Rd1 Qe7 15. Be2 g5 16. Bf2 Nh5 17. h4 Nf4 18.
Bf1 Kg7 19. g3 Ng6 20. h5 Nh8 21. dxe5 dxe5 22. g4 f6 23. Be2 Nf7 24. O-O Be6 25. a4 Rfd8 26. a5 Rxd1 27. Rxd1 Qc7 28. Qb5 Nd6 29.
Qa4 Rb8 30. Rb1 Bd7 31. Qa3 Be6 32. Qa4 Rb7 33. Be3 Bf7 34. Rd1 Rb8 35. Rb1 Be8 36. Qa3 Rb7 37. Rd1 Qc6 38. Rd2 Bf7 39. axb6 axb6 40.
Qa8 Rc7 41. Qd8 Rd7 42. Qb8 Nxc4 43. Rxd7 Qxd7 44. Bxc4 Bxc4 45. Kf2 Qd1 46. Qc7+ Bf7 47. Qxb6 Qc2+ 48. Kg3 c4 49. Qb4 Qd3 50. Bc5 Qf1 51. Qb8 Qe1+ 52. Kh3 Qh1+ 53. Kg3 Qe1+ 54. Kh3 Qh1+ 55.
Kg3 Qe1+ 1/2-1/2

[Event "Late-Titled-Tuesday-Blitz-February-06-2024"]
[Site "Chess.com"]
[Date "2024.02.06"]
[Round "6"]
[White "ukchessbomber"]
[Black "colegiodemadrid"]
[Result "0-1"]
[WhiteElo "2652"]
[BlackElo "2515"]
[TimeControl "180+1"]
[EndTime "15:07:14 PST"]
[Termination "colegiodemadrid won by resignation"]

1. e3 d5 2. Nf3 Nf6 3. c4 e6 4. b3 Be7 5. Bb2 O-O 6. Be2 a5 7. a3 dxc4 8. bxc4 c5 9. O-O Qb6 10. Bc3 Bd7 11. d4 cxd4 12. Bxd4 Qc7 13. Be5 Qc8 14. Nc3 Nc6 15. Bd6 Rd8 16. Bxe7 Nxe7 17. Qd6 Nf5 18. Qe5 Bc6 19. Rfd1 Rxd1+ 20. Rxd1 Qf8 21.
e4 Ne7 22. Nb5 Bxe4 23. Ng5 Bc6 24. Nc7 Rc8 25. Ncxe6 Ng6 26. Qe3 Qe7 27. Nd4 Qxe3 28. fxe3 h6 29. Nxc6 bxc6 30. Nf3 Ne4 31. Rd7 Rb8 32.
h4 Nf6 33. Rc7 Ng4 34. Rxc6 Rb1+ 35. Bf1 Nxe3 36. Nd2 Rd1 37. Rd6 Nxf1 38. c5 Rxd2 39. Rb6 Ne3 40. c6 Rxg2+ 41. Kh1 Rc2 42. Rb8+ Kh7 43.
h5 Nf4 44. a4 Rxc6 45. Kg1 Nxh5 46. Kh2 Nf5 47. Kh3 Nf6 48. Kh2 Rc4 49. Rb5 Rxa4 50.
Rxf5 Kg6 51. Rb5 Ra3 52. Kg2 h5 53. Kf2 Ng4+ 54. Kg2 f6 55. Kh1 Kh6 56. Kg2 g5 57. Kh1 Kg6 58. Kg1 h4 59. Kh1 Kh5 60. Kg1 Ra2 61. Kf1 h3 62. Rb1 Kh4 63. Rc1 h2 0-1

[Event "Late-Titled-Tuesday-Blitz-February-06-2024"]
[Site "Chess.com"]
[Date "2024.02.06"]
[Round "6"]
[White "MolecularChemist"]
[Black "messiboca"]
[Result "1-0"]
[WhiteElo "2956"]
[BlackElo "2769"]
[TimeControl "180+1"]
[EndTime "15:07:15 PST"]
[Termination "MolecularChemist won by resignation"]

1. Nf3 c5 2. e3 Nc6 3. c4 Nf6 4. b3 g6 5. Bb2 Bg7 6. Nc3 O-O 7.
Rc1 d6 8. Be2 e5 9. O-O h6 10.
d4 exd4 11. exd4 Bg4 12. d5 Bxf3 13. Bxf3 Nd4 14. g3 Re8 15. Bg2 a6 16. Qd3 b5 17.
Rfe1 Ng4 18. Rxe8+ Qxe8 19. Ne4 f5 20. Re1 fxe4 21.
Rxe4 Ne5 22. Qd1 bxc4 23. f4 Nd3 24. Rxe8+ Rxe8 25. Bxd4 Bxd4+ 26. Kf1 Bc3 27. Be4 Rxe4 28. Qg4 Kh7 29. bxc4 Bg7 30. Qd7 Rxc4 31. Qxd6 Rd4 32.
Qe6 Nxf4 33. gxf4 Rxf4+ 34. Ke2 Rf5 35. Kd1 Re5 36. Qc6 c4 37. Qxc4 Rh5 38. d6 Rxh2 39. d7 Rh1+ 40. Kc2 Rh2+ 41. Kc1 Rh1+ 42. Kd2 Rh2+ 43.
Kd3 Rh3+ 44. Kc2 Rh2+ 45. Kd1 Rh1+ 46. Ke2 Rh2+ 47. Ke3 Rh3+ 48. Kf2 Rh2+ 49. Kg1 Rd2 50. Qc7 Rd1+ 51. Kf2 Be5 52. d8=Q+ Bxc7 53. Qxc7+ Kg8 54. Qc8+ 1-0

[Event "Late-Titled-Tuesday-Blitz-February-06-2024"]
[Site "Chess.com"]
[Date "2024.02.06"]
[Round "6"]
[White "alphienothere"]
[Black "yobdc"]
[Result "1-0"]
[WhiteElo "2276"]
[BlackElo "2598"]
[TimeControl "180+1"]
[EndTime "15:07:15 PST"]
[Termination "alphienothere won on time"]

1. d4 Nf6 2. Nf3 g6 3. Bg5 Bg7 4. Nbd2 d5 5. c3 h6 6. Bh4 Nbd7 7. e3 c5 8. Bd3 b6 9. O-O Bb7 10. Bg3 O-O 11. Ne5 Nh5 12. Nxd7 Qxd7 13. Be5 f6 14. Bxg6 fxe5 15. Qxh5 exd4 16. exd4 cxd4 17. cxd4 Rf4 18. Rfe1 Raf8 19. Nf3 Qg4 20. Qxg4 Rxg4 21. Bh5 Re4 22.
Bg6 Rxe1+ 23. Rxe1 Bf6 24. h3 Rc8 25. Bd3 Rc7 26.
Ne5 Kg7 27. f4 Bc8 28. g4 a5 29. Kg2 a4 30. Kg3 b5 31. Bxb5 Rb7 32. Bxa4 Rxb2 33. Bb3 Ba6 34. Nf3 e6 35. g5 hxg5 36. fxg5 Bd8 37.
Ne5 Bc7 38. Kg4 Be2+ 39. Kg3 Bh5 40. Rc1 Bb6 41. Rc6 Bxd4 42. Rxe6 Re2 43. Re7+ Kf8 44. Ng6+ Kg8 45. Rxe2 Bxe2 46. Nf4 Be5 47. Kf2 Bc4 48.
Bxc4 dxc4 49. Ne2 Kg7 50. Ke3 Kg6 51. h4 Kh5 52. Nf4+ Kg4 53. Nd5 Kxh4 54. g6 Kh5 55.
Ke4 Bg7 56. a4 Kxg6 57. a5 c3 58. Nxc3 1-0

[Event "Late-Titled-Tuesday-Blitz-February-06-2024"]
[Site "Chess.com"]
[Date "2024.02.06"]
[Round "6"]
[White "szachmistrz2500"]
[Black "youngdinousaur"]
[Result "1-0"]
[WhiteElo "2503"]
[BlackElo "2332"]
[TimeControl "180+1"]
[EndTime "15:07:15 PST"]
[Termination "szachmistrz2500 won on time"]

1. d4 Nf6 2. c4 e6 3. Nf3 d5 4. Nc3 Bb4 5. Bg5 Nbd7 6. e3 c5 7. cxd5 exd5 8. Be2 Qa5 9. O-O Bxc3 10. bxc3 Ne4 11.
c4 Nc3 12. Qd2 Nxe2+ 13. Qxe2 dxc4 14. Qxc4 cxd4 15. Qxd4 O-O 16. Rfd1 h6 17. Be7 Re8 18. Bb4 Qb6 19. Qh4 Qf6 20. Qg3 a5 21. Ba3 b5 22.
Rab1 b4 23. Bb2 Qg6 24. Qxg6 fxg6 25. Rd6 g5 26. Bd4 Ra6 27. Rd5 Nf6 28. Rb5 Bd7 29. Rb7 Bc6 30. Rc7 Be4 31. Rbc1 a4 32. Nd2 Bd5 33. Rb1 Rb8 34. a3 b3 35. Bb2 Rc6 36.
Rxc6 Bxc6 37. Rc1 Rc8 38. f3 Bd7 39. Rxc8+ Bxc8 40. e4 Nd7 41. Kf2 Nc5 42. Ke3 Ba6 43. Nb1 Nd3 44. Bc3 Nf4 45. g3 Ne2 46. Bb2 Kf7 47.
Nd2 g6 48. f4 gxf4+ 49. gxf4 h5 50. Nf3 Ng3 51. hxg3 1-0

[Event "Late-Titled-Tuesday-Blitz-February-06-2024"]
[Site "Chess.com"]
[Date "2024.02.06"]
[Round "6"]
[White "RichardLeyvaP"]
[Black "krzyzan94"]
[Result "0-1"]
[WhiteElo "2514"]
[BlackElo "2799"]
[TimeControl "180+1"]
[EndTime "15:07:17 PST"]
[Termination "krzyzan94 won on time"]

1. e4 e5 2. d4 exd4 3. Qxd4 Nc6 4. Qe3 Nf6 5. Nc3 Bb4 6. Bd2 O-O 7. O-O-O Re8 8.
Bc4 d6 9. f3 a5 10. Nge2 a4 11. a3 Bc5 12. Qg5 Ne5 13. Ba2 c6 14. h4 b5 15. h5 Be6 16. h6 g6 17. Qh4 Bxa2 18. Bg5 Nc4 19. Nxa2 Be3+ 20. Kb1 Bxg5 21. Qxg5 Nd7 22. Qxd8 Raxd8 23. Nb4 Nde5 24. Nf4 Ne3 25. Rd2 f5 26. exf5 Nxf5 27. Nbd3 Nc4 28. Re2 Rxe2 29. Nxe2 Re8 30. Nef4 Kf7 31. Kc1 Ng3 32.
Rd1 g5 33. Nh3 Kg6 34. Nb4 c5 35. Nc6 Re2 36. b3 Nxa3 37. Rxd6+ Kh5 38. bxa4 Rxc2+ 39. Kd1 bxa4 40. Rd5 Kh4 41. Rxg5 Ne2 42. Rg4+ Kh5 43.
Ne5 Nc3+ 44. Ke1 Re2+ 45. Kf1 Rxe5 46. Rc4 Nab1 47. Nf4+ Kxh6 48. Nd3 Nd2+ 0-1

[Event "Late-Titled-Tuesday-Blitz-February-06-2024"]
[Site "Chess.com"]
[Date "2024.02.06"]
[Round "6"]
[White "mbojan"]
[Black "valeriocarnicelli"]
[Result "1/2-1/2"]
[WhiteElo "2828"]
[BlackElo "2538"]
[TimeControl "180+1"]
[EndTime "15:07:18 PST"]
[Termination "Game drawn - insufficient material"]

1. e4 e6 2. d4 d5 3. Nc3 Bb4 4.
e5 c5 5. a3 Bxc3+ 6. bxc3 Ne7 7. Qg4 Qc7 8. Qxg7 Rg8 9. Qxh7 cxd4 10. Ne2 Nbc6 11. f4 dxc3 12. Qd3 Bd7 13. Nxc3 a6 14.
Rb1 Rc8 15. Ne2 Na5 16. Nd4 Nc4 17. h3 Nc6 18. Nxc6 Bxc6 19. g4 Bb5 20. Qd4 Qa5+ 21.
c3 Nxa3 22. Bxa3 Qxa3 23. Bxb5+ axb5 24. Qb4 Qxc3+ 25. Qxc3 Rxc3 26. Kf2 Rc5 27. Rhc1 Rc6 28. Rd1 Rh8 29. Rd3 Rc5 30. Kg3 Kd7 31. Rb4 Kc6 32.
Rdb3 Ra8 33. h4 Ra4 34. h5 Rxb4 35. Rxb4 Kb6 36. h6 Rc8 37. Kh4 Ka5 38. Rb1 b4 39. Kg5 Ka4 40. Kf6 b3 41. Kxf7 Ka3 42. g5 Ka2 43. g6 Kxb1 44. g7 b2 45. g8=Q Rxg8 46.
Kxg8 Kc1 47. h7 b1=Q 48. h8=Q Qf5 49. Qf6 d4 50. Qxf5 exf5 51. e6 d3 52. e7 d2 53.
e8=Q d1=Q 54. Qc8+ Qc2 55. Qxb7 Qc4+ 56. Kg7 Qxf4 57.
Kf6 Kd2 58. Qd7+ Ke3 59. Qxf5 Qxf5+ 60. Kxf5 1/2-1/2

[Event "Late-Titled-Tuesday-Blitz-February-06-2024"]
[Site "Chess.com"]
[Date "2024.02.06"]
[Round "6"]
[White "Viktor_Poddubnyi"]
[Black "akinov-akinseye"]
[Result "1-0"]
[WhiteElo "2269"]
[BlackElo "1902"]
[TimeControl "180+1"]
[EndTime "15:07:18 PST"]
[Termination "Viktor_Poddubnyi won by resignation"]

1. e4 d5 2. exd5 Qxd5 3. Nc3 Qd6 4. d4 Nf6 5. Nf3 g6 6. g3 Bg7 7. Bg2 c6 8. O-O O-O 9. Bf4 Qd8 10. Re1 Nbd7 11.
Qe2 e6 12. Ne5 Nb6 13. Rad1 Nbd5 14. Bd2 Qb6 15. Nxd5 exd5 16. b3 Qxd4 17. Bh6 Qb6 18. Bxg7 Kxg7 19. h4 h5 20. Qd2 Ng4 21. Nd3 Bf5 22.
Nf4 Rae8 23. a4 a6 24. a5 Qc5 25. c3 f6 26. b4 Qd6 27. c4 Rxe1+ 28. Rxe1 Rd8 29.
cxd5 cxd5 30. Nxd5 Be6 31. Rd1 Ne5 32. Qd4 Bxd5 33.
Qxd5 Qxd5 34. Rxd5 Rxd5 35. Bxd5 Nd3 36. b5 axb5 37.
Bxb7 b4 38. a6 b3 39. Be4 b2 40. Bxd3 b1=Q+ 41. Bxb1 g5 42. a7 gxh4 43. gxh4 Kf7 44. a8=Q Ke6 45. Qe4+ Kd6 46. Qh7 1-0

[Event "Late-Titled-Tuesday-Blitz-February-06-2024"]
[Site "Chess.com"]
[Date "2024.02.06"]
[Round "6"]
[White "Sanyura"]
[Black "ninguno46"]
[Result "0-1"]
[WhiteElo "2680"]
[BlackElo "2539"]
[TimeControl "180+1"]
[EndTime "15:07:20 PST"]
[Termination "ninguno46 won by resignation"]

1. e4 c5 2. Nf3 Nc6 3. d4 cxd4 4.
Nxd4 g6 5. c4 Nf6 6. Nc3 d6 7.
f3 Nxd4 8. Qxd4 Bg7 9. Be3 O-O 10. Qd2 a5 11. Be2 a4 12. O-O Bd7 13. b3 Qa5 14. Rac1 Rfc8 15. Rfd1 axb3 16. axb3 Qb4 17. Bd4 Be6 18.
Bxf6 Bxf6 19. Nd5 Qxd2 20. Nxf6+ Kg7 21. Rxd2 Kxf6 22. Kf1 b5 23. Kf2 bxc4 24. bxc4 Ra4 25. Rdc2 g5 26. g3 Ke5 27. Ke3 Ra3+ 28. Bd3 Kf6 29.
f4 gxf4+ 30. gxf4 Rb8 31. Kd4 Rbb3 32. e5+ Kg7 33. Be4 dxe5+ 34. fxe5 Ra4 35. Rg1+ Kh6 36.
Bd5 Bf5 37. Rf2 e6 38. Rf4 Rh3 39. Be4 Bg6 40. Bxg6 fxg6 41. Kc5 Rxh2 42. Kd6 Ra6+ 43. Ke7 Rc6 44. Kf6 Rh5 45. Rg2 Rh3 46. Rd2 g5 47. Re4 Rf3+ 48. Ke7 Rf4 49. Rxf4 gxf4 50. Kf6 Kh5 51. Rd6 Rxc4 52. Kxe6 Kg4 53. Kd5 Rc1 54. e6 Re1 55. Rd8 f3 56. Rg8+ Kh3 57. Kd6 f2 58.
Rg7 f1=Q 59. Rxh7+ Kg2 60. Rg7+ Kh3 61. e7 Rd1+ 62.
Ke6 Qe2+ 63. Kf7 Rd7 64. Kg8 Rxe7 0-1

[Event "Late-Titled-Tuesday-Blitz-February-06-2024"]
[Site "Chess.com"]
[Date "2024.02.06"]
[Round "6"]
[White "jcibarra"]
[Black "JoakimVonAnd"]
[Result "1-0"]
[WhiteElo "2892"]
[BlackElo "2663"]
[TimeControl "180+1"]
[EndTime "15:07:21 PST"]
[Termination "jcibarra won by checkmate"]

1. e4 c6 2. Nf3 d5 3. d3 Qc7 4.
exd5 cxd5 5. c4 dxc4 6. dxc4 Nf6 7. Nc3 a6 8. g3 g6 9. Bf4 Qa5 10. Bg2 Bg7 11. O-O O-O 12. Re1 Nc6 13. Ne5 Nxe5 14.
Bxe5 Qb4 15. Qb3 Qxb3 16. axb3 Nd7 17. Bxg7 Kxg7 18. Rxe7 Nc5 19. Ra3 Be6 20. Bd5 Bxd5 21.
Nxd5 b5 22. b4 Ne6 23. c5 Rfd8 24. Nb6 Rab8 25. Rxa6 Rd4 26. Raa7 Nd8 27. Nd7 Rc8 28. Ne5 Rxb4 29. Nxf7 Kf6 30. Re8 Nc6 31. Rxc8 Nxa7 32. Rc7 Nc6 33. Nd6 Ne5 34. Rxh7 Rxb2 35. Rb7 Nd3 36.
Rxb5 Rc2 37. Rb3 Nxc5 38. Rf3+ Kg7 39. Ne8+ Kh7 40. Nf6+ Kg7 41. Ng4 Ne6 42. Re3 Ng5 43. Re7+ Kg8 44. h4 Nf3+ 45. Kg2 Nd4 46. Nf6+ Kf8 47.
Rd7 Nf5 48. Nh7+ Kg8 49. Nf6+ Kf8 50. h5 Rc6 51. Nh7+ Kg8 52. Ng5 gxh5 53. Rd5 Ng7 54. Rd8+ Ne8 55. Rxe8+ Kg7 56. Re6 Rc5 57. Nh3 Rc4 58.
Nf4 h4 59. Rg6+ Kf7 60. Rg4 hxg3 61. fxg3 Rc3 62. Kh3 Rb3 63. Rg5 Ra3 64. Rf5+ Kg7 65. Kg4 Ra4 66. Rc5 Ra7 67. Rc7+ Rxc7 68. Ne6+ Kg6 69.
Nxc7 Kf6 70. Nd5+ Kg6 71. Ne3 Kg7 72. Ng2 Kf6 73. Kf3 Kg7 74. g4 Kf7 75. Kg3 Kg7 76. Nh4 Kf6 77. Nf3 Kf7 78. Kf4 Kg7 79. g5 Kg6 80.
Kg4 Kf7 81. Kf5 Kg7 82. Ne5 Kg8 83. g6 Kg7 84. Kg5 Kf8 85. Kf6 Kg8 86. Ng4 Kh8 87.
Ne3 Kg8 88. Nf5 Kh8 89. g7+ Kg8 90. Ne7+ Kh7 91. g8=Q+ Kh6 92. Qg6# 1-0

[Event "Late-Titled-Tuesday-Blitz-February-06-2024"]
[Site "Chess.com"]
[Date "2024.02.06"]
[Round "6"]
[White "wild3000"]
[Black "masnyszachistaaa"]
[Result "0-1"]
[WhiteElo "2362"]
[BlackElo "2549"]
[TimeControl "180+1"]
[EndTime "15:07:21 PST"]
[Termination "masnyszachistaaa won on time"]

1. d4 d6 2. e3 e5 3. dxe5 dxe5 4.
Qxd8+ Kxd8 5. Nf3 f6 6. Nc3 c6 7.
Bd2 Kc7 8. O-O-O Be6 9. Bd3 Nd7 10. Kb1 Nc5 11. Bc1 Nxd3 12. cxd3 Bg4 13. h3 Bxf3 14.
gxf3 Rd8 15. h4 Ne7 16. h5 Nf5 17. Ne4 Be7 18. Kc2 Rd7 19. Bd2 Rhd8 20. Bc3 Bf8 21. a3 b6 22. Ng3 Ne7 23. Ne4 Nd5 24. Ng3 Nxc3 25. Kxc3 Kd6 26. Ne2 Ke6 27. f4 c5 28.
fxe5 Kxe5 29. f4+ Ke6 30. d4 Kf7 31. Kc4 cxd4 32. Nxd4 Bc5 33. b4 Be7 34. Rd3 a6 35. Rhd1 b5+ 36. Kc3 Rd5 37. Kc2 Rxh5 38. Nb3 Rc8+ 39.
Kb2 Rh2+ 40. R3d2 Rxd2+ 41. Rxd2 h5 42. Rh2 Rh8 43. Nd4 g5 44. fxg5 fxg5 45. Kc2 Bf6 46. Kd3 Bxd4 47. exd4 Ke6 48. Ke4 h4 49. d5+ Kd6 50.
Rc2 h3 51. Rc6+ Kd7 52. Rxa6 h2 53. Ra7+ Kd6 54. Ra6+ Kc7 55. d6+ Kb7 0-1

[Event "Late-Titled-Tuesday-Blitz-February-06-2024"]
[Site "Chess.com"]
[Date "2024.02.06"]
[Round "6"]
[White "Statham_01"]
[Black "Njal28"]
[Result "0-1"]
[WhiteElo "2595"]
[BlackElo "3002"]
[TimeControl "180+1"]
[EndTime "15:07:22 PST"]
[Termination "Njal28 won by checkmate"]

1. e4 e5 2. Nf3 Nc6 3. Nc3 Nf6 4. Be2 Nd4 5. Nxe5 d5 6. d3 Bb4 7. O-O O-O 8. Bg5 c6 9. Nf3 Nxe2+ 10. Qxe2 h6 11. Bh4 g5 12. Bg3 Re8 13. e5 Nh5 14. d4 f5 15. Ne1 Ng7 16. f4 g4 17.
Nd3 Be7 18. a4 Ne6 19. Qf2 b6 20. Rad1 Ba6 21. Kh1 h5 22. Qe3 h4 23. Be1 Kf7 24. h3 g3 25. Ne2 Rh8 26. Ng1 c5 27. c3 cxd4 28. cxd4 Rc8 29. Bc3 Qd7 30. Nf3 Kg6 31.
Ng5 Bxg5 32. fxg5 Bxd3 33. Rxd3 Nxg5 34. Qf4 Ne4 35. Rdf3 Rh5 36. a5 b5 37. a6 Qe6 38.
Bb4 Rc4 39. Bd6 Rc2 40. Rc1 Qc8 41. Rff1 Nf2+ 42. Kg1 Nd3 43. Rxc2 Qxc2 44. Qf3 Nf2 45. Qxd5 Nxh3+ 46. Kh1 Nf2+ 47. Kg1 Qc4 48. Qa8 Qf7 49. Qc6 Kh7 50. d5 h3 51. gxh3 Nxh3+ 52. Kg2 f4 53. Rf3 Ng5 54. e6 Rh2+ 55. Kf1 Nxf3 56. Bc5 g2+ 57.
Ke2 g1=Q+ 58. Kxf3 Qg2# 0-1

[Event "Late-Titled-Tuesday-Blitz-February-06-2024"]
[Site "Chess.com"]
[Date "2024.02.06"]
[Round "6"]
[White "Ducke13"]
[Black "DeArron_Fox"]
[Result "0-1"]
[WhiteElo "2297"]
[BlackElo "2498"]
[TimeControl "180+1"]
[EndTime "15:07:22 PST"]
[Termination "DeArron_Fox won by checkmate"]

1. d4 d5 2. Nf3 Nf6 3. g3 Bf5 4. c4 c6 5. Nc3 e6 6. Nh4 Be4 7. f3 Bg6 8. Qb3 Qb6 9. Nxg6 hxg6 10. c5 Qxb3 11. axb3 e5 12. e3 g5 13. b4 exd4 14. exd4 g4 15. Be2 gxf3 16. Bxf3 g6 17. b5 Bg7 18.
Be3 O-O 19. Kf2 cxb5 20. Nxb5 Nc6 21. Ra4 a6 22. Nd6 Rab8 23. b4 Rfe8 24. Nxe8 Rxe8 25. Rb1 Ne4+ 26. Bxe4 Rxe4 27. b5 axb5 28. Rxb5 Bxd4 29. Bxd4 Nxd4 30. Rxb7 Re2+ 31. Kf1 Rd2 32. Ra8+ Kg7 33. Raa7 Kh6 34. Rxf7 Rc2 35. h4 Kh5 36. Rh7+ Kg4 37. Ra4 Rc4 38. Rxc4 dxc4 39. Kf2 c3 40. Ke3 Nb3 41.
Kd3 Nxc5+ 42. Kxc3 Ne4+ 43. Kd4 Nxg3 44. Rh6 Nf5+ 45.
Ke5 Nxh6 46. Kf6 Kh5 47. Kg7 Nf5+ 48. Kf6 Nxh4 49. Ke5 g5 50. Ke4 g4 51. Kf4 Ng6+ 52.
Kg3 Kg5 53. Kg2 Kf4 54. Kf2 Ne5 55. Kg2 Nf3 56. Kf2 g3+ 57. Kg2 Ne1+ 58. Kg1 Kf3 59. Kf1 g2+ 60. Kg1 Nd3 61. Kh2 Kf2 62. Kh3 g1=Q 63. Kh4 Qg6 64. Kh3 Qg3# 0-1

[Event "Late-Titled-Tuesday-Blitz-February-06-2024"]
[Site "Chess.com"]
[Date "2024.02.06"]
[Round "6"]
[White "zverr1"]
[Black "GadimbayliA"]
[Result "0-1"]
[WhiteElo "2581"]
[BlackElo "2813"]
[TimeControl "180+1"]
[EndTime "15:07:25 PST"]
[Termination "GadimbayliA won on time"]

1. e4 e5 2. Nf3 d5 3. exd5 e4 4. Qe2 Nf6 5. d3 Bb4+ 6. c3 O-O 7. dxe4 Bd6 8. Be3 Nxe4 9. Qc2 Re8 10. Bd3 Bf5 11.
Nbd2 Nxd2 12. Qxd2 Bg4 13. O-O-O Nd7 14. Be2 Nc5 15. Nd4 Bxe2 16. Qxe2 Bf4 17. Qf3 Bxe3+ 18.
fxe3 Re5 19. Nb3 Nxb3+ 20. axb3 Qe7 21. Rhe1 a5 22. Rd4 Re8 23. Kd2 Qc5 24. d6 cxd6 25. Qxb7 g6 26. b4 axb4 27. Qxb4 Qc6 28. Re2 d5 29. Qa4 Qe6 30. Rd3 Rb8 31. b4 Re4 32. Qa5 Re5 33. Rd4 Qc6 34. e4 Rc8 35. Re3 Rg5 36. g3 Qf6 37. Rxd5 Qf2+ 38. Re2 Qf6 39. Re3 Rg4 40. Qb5 Qe6 41. Qd3 Re8 42. Rd4 Rg5 43. Rd8 Re5 44. Rxe8+ Qxe8 45. Qd4 Re7 46. Kc2 Qa4+ 47.
Kd2 Rd7 48. Rd3 Rxd4 49. Rxd4 Qa2+ 50. Kd3 Qxh2 51. b5 Qxg3+ 52. Kc4 h5 53. b6 h4 54. Kb5 h3 55. Rd8+ Kg7 56. b7 Qg5+ 0-1

[Event "Late-Titled-Tuesday-Blitz-February-06-2024"]
[Site "Chess.com"]
[Date "2024.02.06"]
[Round "6"]
[White "AsterPhoenix"]
[Black "ElDivis"]
[Result "1-0"]
[WhiteElo "2632"]
[BlackElo "2416"]
[TimeControl "180+1"]
[EndTime "15:07:26 PST"]
[Termination "AsterPhoenix won by resignation"]

1. e4 c5 2. b4 cxb4 3. a3 d5 4. exd5 Nf6 5. axb4 Nxd5 6. b5 e6 7. Bb2 Nf6 8. Nf3 Be7 9. d4 O-O 10. Bd3 b6 11. O-O a5 12. c4 Bb7 13. Nbd2 Nbd7 14. Qe2 Rc8 15. Rfd1 Qc7 16. Rac1 Qf4 17. d5 Nc5 18.
Be5 Qg4 19. h3 Qh5 20. d6 Bd8 21. Bb1 Nfd7 22. Bh2 Bf6 23. Ne4 Nxe4 24. Bxe4 Bxe4 25. Qxe4 Rfd8 26. Rc2 Nc5 27. Qg4 Qxg4 28. hxg4 h6 29. Be5 Nb7 30. d7 Rc5 31. Bf4 a4 32. Be3 a3 33. Bxc5 Nxc5 34. Ra2 Bb2 35. Ne1 Ne4 36. Rd3 Nc3 37. Rxc3 Bxc3 38. Nc2 Rxd7 39. Rxa3 Rd1+ 40. Kh2 Be5+ 41. g3 Rd2 42. Ne1 Rxf2+ 43. Kh3 Kh7 44. Nf3 Bd6 45. Rd3 Bc5 46. Ne5 f6 47. Nd7 Rc2 48. Nxc5 bxc5 49. Rb3 Rd2 50. b6 Rd8 51. b7 Rb8 52. Rb6 Kg6 53. Kg2 Kg5 54. Kf3 e5 55.
Ke4 Kxg4 56. Kd5 Kxg3 57. Kxc5 e4 58. Kc6 e3 59. Kc7 e2 60. Rb1 Re8 61. c5 f5 62. c6 f4 63. Kd7 Rf8 64. c7 f3 65.
b8=Q Rxb8 66. cxb8=Q+ 1-0

[Event "Late-Titled-Tuesday-Blitz-February-06-2024"]
[Site "Chess.com"]
[Date "2024.02.06"]
[Round "6"]
[White "rcmz"]
[Black "BelaKis"]
[Result "1-0"]
[WhiteElo "2140"]
[BlackElo "2217"]
[TimeControl "180+1"]
[EndTime "15:07:27 PST"]
[Termination "rcmz won on time"]

1. b4 d6 2. Bb2 Nd7 3. e3 Ngf6 4. f4 g6 5. Nf3 Bg7 6. Be2 O-O 7. O-O a6 8. c4 c5 9. b5 axb5 10. cxb5 b6 11. Qc2 Bb7 12. Nc3 Qc7 13. a4 d5 14.
Rac1 Rfe8 15. d4 cxd4 16. exd4 Qxf4 17. Qd3 Qd6 18. Bd1 e5 19. dxe5 Nxe5 20. Nxe5 Qxe5 21. Bf3 Qe3+ 22. Qxe3 Rxe3 23. Nd1 Re7 24. Ra1 Ne4 25. Bxg7 Kxg7 26. Bxe4 Rxe4 27. Rc1 Re7 28. Rf4 g5 29. Rd4 Re4 30. Rxe4 dxe4 31. Rc7 Bd5 32. Ne3 Be6 33. Rc6 Rxa4 34. Rxb6 Ra1+ 35. Kf2 Ra2+ 36. Kg3 h5 37. h3 Ra3 38. Kf2 h4 39. Rb8 Ra2+ 40. Ke1 f5 41. Rb7+ Kf6 42. Rb6 Ke5 43. Nd1 f4 44. Nf2 e3 45.
Nd3+ Kd4 46. Rd6+ Kc3 47. Nc5 Bc4 48. Ne4+ Kb4 49. b6 Ra1+ 50. Rd1 Ra2 51. Rb1+ Ka3 52. b7 Re2+ 53. Kd1 Rb2 54. Rxb2 Kxb2 55. b8=Q+ Ka3 56. Qd6+ Kb3 57. Qb6+ Ka4 58. Qc5 Bb5 59. Ke1 Bd3 60. Nxg5 f3 61. Nxf3 Kb3 62. Qxe3 1-0